 Dungeon Crawl Stone Soup version 0.20-a0-522-g0b37eee (webtiles) character file.

1531 Nvm9 the Covered (level 8, 0/63 HPs)
             Began as a Demonspawn Fighter on Jan 25, 2017.
             Slain by a troll (9 damage)
             ... on level 6 of the Dungeon.
             The game lasted 00:10:01 (5163 turns).

Nvm9 the Covered (Demonspawn Fighter)               Turns: 5163, Time: 00:10:02

Health: 0/63       AC: 14    Str: 19    XL:     8   Next: 55%
Magic:  8/8        EV:  4    Int: 10    God:
Gold:   251        SH: 10    Dex: 12    Spells: 7/7 levels left

rFire    . . .     SeeInvis .   a - +1 war axe
rCold    . . .     Gourm    .   u - +0 plate armour
rNeg     + . .     Faith    .   c - +0 shield
rPois    .         Spirit   .   d - +0 helmet
rElec    .         Reflect  .   q - +2 cloak {MR+}
rCorr    .         Harm     .   (no gloves)
MR       +....                  b - -4 pair of boots of the Gloaming {rN+} (curse)
Stlth    ..........             (no amulet)
Regen    0.2/turn               (no ring)
                                (no ring)

@: no status effects
A: powered by death 1, spiny 1
a: no special abilities


You were on level 6 of the Dungeon.
You were not hungry.

You visited 1 branch of the dungeon, and saw 6 of its levels.

You collected 251 gold pieces.

Inventory:

Hand Weapons
 a - a +1 war axe (weapon)
 k - a +0 long sword of flaming
Armour
 b - the cursed -4 pair of boots of the Gloaming (worn) {rN+}
   (You found it on level 6 of the Dungeon)

   It protects you from negative energy.
   It has a curse placed upon it.
 c - a +0 shield (worn)
 d - a +0 helmet (worn)
 i - a +2 hat
 q - a +2 cloak of magic resistance (worn)
 u - a +0 plate armour (worn)
Jewellery
 o - a cursed ring of teleportation {unknown}
Wands
 g - a wand of confusion (22/48)
 y - a wand of digging (12/24)
Scrolls
 e - 4 scrolls of fog
 m - 4 scrolls of identify
 s - a scroll of amnesia
 t - a scroll of magic mapping
 w - a scroll of enchant weapon
Potions
 j - a potion of cure mutation
 l - a potion of experience {unknown}
 p - 2 potions of curing
 r - 3 potions of might
 v - a potion of lignification {unknown}
 x - 2 potions of magic {unknown}
 z - a potion of brilliance
Comestibles
 f - 5 bread rations
 h - 3 royal jellies
 n - a meat ration


   Skills:
 + Level 5.4 Fighting
 + Level 4.7 Axes
 * Level 6.8 Armour
 + Level 5.2 Shields


You had 7 spell levels left.
You didn't know any spells.

Dungeon Overview and Level Annotations

Branches:
Dungeon (6/15)
 Temple: D:4-7

Altars:
Fedhas
Qazlal
Trog

Shops:
D:4 *


Innate Abilities, Weirdness & Mutations

You regenerate a little health from kills.
You are partially covered in sharp spines.


Message History

The troll bites you but does no damage. You block the troll's attack. x2
You completely miss the troll.
The troll is heavily wounded.
The troll is struck by your spines. The troll bites you but does no damage.
You block the troll's attack. x2
Your plate armour prevents you from hitting the troll.
The troll is heavily wounded.
The troll bites you. You block the troll's attack. The troll claws you!
The troll is struck by your spines. The troll closely misses you.
The troll barely misses you. The troll claws you!
* * * LOW HITPOINT WARNING * * *
Your shield and plate armour prevent you from hitting the troll.
The troll is heavily wounded.
You block the troll's attack. The troll claws you.
* * * LOW HITPOINT WARNING * * *
The troll claws you but does no damage.
You hit the troll.
The troll is severely wounded.
The troll bites you!
You die...

#.# #.# #.# ## #.#
##...####### #.#
......T@†..# #.#
##...#####.######.#
## #........÷######
.#####..#####.#......
.............###.####
.#####..#####.#.##
#..# #.##
.#####..#### #)#
...........# #.#


You could see a troll.

Vanquished Creatures
  A hungry ghost (D:5)
  Menkaure (D:4)
  A sky beast (D:5)
  A centaur (D:5)
  A big kobold (D:4)
  2 bullfrogs
  6 killer bees (D:3)
  A centaur zombie (D:5)
  An orc priest (D:3)
  Crazy Yiuf (D:4)
  A bullfrog skeleton (D:4)
  2 centaur skeletons (D:4)
  Natasha (thrice) (D:2)
  Ijyb (D:2)
  An iguana (D:4)
  An orc wizard (D:3)
  4 worker ants
  Robin (D:2)
  4 gnolls (D:4)
  8 adders
  An ooze (D:1)
  An adder skeleton (D:5)
  2 worms (D:4)
  A dart slug (D:2)
  6 leopard geckos
  15 orcs
  8 giant cockroaches
  10 goblins
  7 hobgoblins
  7 jackals
  15 kobolds
  3 quokkas
  5 bats
  6 frilled lizards
  4 rats
133 creatures vanquished.

Notes
Turn   | Place    | Note
-------+----------+-------------------------------------------
     0 | D:1      | Nvm9 the Demonspawn Fighter began the quest for the Orb.
     0 | D:1      | Reached XP level 1. HP: 18/18 MP: 1/1
   118 | D:1      | Gained mutation: You are partially covered in sharp spines. [demonic ancestry]
   118 | D:1      | Reached XP level 2. HP: 17/24 MP: 2/2
   119 | D:1      | Reached skill level 3 in Armour
   563 | D:2      | Noticed Robin
   579 | D:2      | HP: 1/24 [hobgoblin/club[Robin] (8)]
   581 | D:2      | Reached XP level 3. HP: 2/29 MP: 3/3
   593 | D:2      | Killed Robin
   829 | D:2      | Noticed Ijyb
   864 | D:2      | Killed Ijyb
   864 | D:2      | Reached XP level 4. HP: 35/35 MP: 4/4
  1053 | D:2      | Noticed Natasha
  1061 | D:2      | Killed Natasha
  1209 | D:2      | Noticed Natasha
  1218 | D:2      | Killed Natasha
  1218 | D:2      | Reached XP level 5. HP: 24/42 MP: 5/5
  1446 | D:2      | Noticed Natasha
  1460 | D:2      | Killed Natasha
  1460 | D:2      | Reached skill level 4 in Armour
  1545 | D:2      | Gained mutation: You regenerate slowly when monsters are visible. [potion of mutation]
  1545 | D:2      | Gained mutation: You passively map a small area around you. [potion of mutation]
  1545 | D:2      | Gained mutation: You are robust. (+10% HP) [potion of mutation]
  1546 | D:2      | Lost mutation: You passively map a small area around you. [potion of cure mutation]
  1546 | D:2      | Lost mutation: You regenerate slowly when monsters are visible. [potion of cure mutation]
  1546 | D:2      | Lost mutation: You are robust. (+10% HP) [potion of cure mutation]
  1741 | D:3      | Reached XP level 6. HP: 28/48 MP: 6/6
  2271 | D:3      | Found a bloodstained altar of Trog.
  2709 | D:4      | Reached XP level 7. HP: 36/55 MP: 7/7
  2715 | D:3      | Reached skill level 5 in Armour
  3229 | D:4      | Noticed Menkaure
  3239 | D:4      | Killed Menkaure
  3947 | D:4      | Reached skill level 5 in Fighting
  3980 | D:4      | Found a stormy altar of Qazlal.
  4036 | D:4      | Found Vycidoalio's Assorted Antiques.
  4214 | D:4      | Found a runed door.
  4325 | D:4      | Reached skill level 6 in Armour
  4325 | D:4      | Gained mutation: You regenerate a little health from kills. [demonic ancestry]
  4325 | D:4      | Reached XP level 8. HP: 61/62 MP: 8/8
  4385 | D:4      | Noticed Crazy Yiuf
  4391 | D:4      | Killed Crazy Yiuf
  4457 | D:5      | Entered Level 5 of the Dungeon
  4522 | D:5      | Reached skill level 5 in Shields
  4618 | D:5      | Found a blossoming altar of Fedhas.
  5120 | D:6      | Got a pair of bloodstained boots
  5126 | D:6      | Identified the cursed -4 pair of boots of the Gloaming {rN+} (You found it on level 6 of the Dungeon)
  5152 | D:6      | Noticed a troll
  5163 | D:6      | Slain by a troll

Vault maps used:
D:1:      lordsloth_arrival_two_stooges
D:2:      uniq_natasha, uniq_iyjb, uniq_robin
D:3:      first_bread, minmay_item_behind_shaft, trog_three_pillars_becter
D:4:      cheibrodos_thug_alley, serial_shops, nicolae_shop_behind_doors,
          grunt_ministairs_6, nicolae_qazlal_general_emergency, uniq_menkaure,
          uniq_crazy_yiuf_cottage
D:5:      basic_altar
D:6:      nicolae_underground_beach

Skill      XL: |  1  2  3  4  5  6  7  8 |
---------------+-------------------------+-----
Armour         | 3 4 6 |  6.8
Axes           | 2 3 4 |  4.7
Shields        | 3 4 5 |  5.2
Fighting       | 4 5 |  5.4

Action                   |  1- 3 |  4- 6 |  7- 9 || total
-------------------------+-------+-------+-------++-------
Melee: War axe           |    76 |   124 |   199 ||   399
  Use: Potion            |     4 |     4 |     4 ||    12
       Scroll            |       |     3 |     3 ||     6
  Eat: Chunk             |       |     6 |     7 ||    13
       Bread ration      |       |       |     1 ||     1
Armor: Scale mail        |    45 |    70 |    32 ||   147
       Plate armour      |       |       |    76 ||    76
Dodge: Dodged            |    21 |    37 |    40 ||    98
Block: Shield            |    42 |    83 |   124 ||   249
